 Dungeon Crawl Stone Soup version 0.29-a0-398-ge13fd1374b (webtiles) character file.

Game seed: 17173897181457322329

1139 trckry the Summoner (level 8, -9/52 HPs)
             Began as a Human Summoner on May 12, 2022.
             Killed from afar by a steam dragon (19 damage)
             ... with a ball of steam
             ... on level 6 of the Dungeon.
             The game lasted 00:19:13 (5633 turns).

trckry the Summoner (Human Summoner)                Turns: 5633, Time: 00:19:14

Health: -9/52      AC:  2    Str:  9    XL:     8   Next: 63%
Magic:  2/15       EV: 12    Int: 23    God:
Gold:   214        SH:  0    Dex: 14    Spells: 7/17 levels left

rFire   . . .      SeeInvis +   C - +4 short sword (venom)
rCold   . . .      Faith    .   (no shield)
rNeg    . . .      Spirit   .   a - +0 robe
rPois   .          Reflect  .   (no helmet)
rElec   .          Harm     .   (no cloak)
rCorr   .          Rampage  .   (no gloves)
Will    .....                   (no boots)
Stlth   +.........              o - amulet of regeneration
HPRegen 0.97/turn               m - ring of see invisible
MPRegen 0.14/turn               u - +6 ring of intelligence

@: confused
A: no striking features
a: no special abilities


You were on level 6 of the Dungeon.
You visited 1 branch of the dungeon, and saw 6 of its levels.

You collected 298 gold pieces.
You spent 84 gold pieces at shops.

Inventory:

Hand Weapons
 C - a +4 short sword of venom (weapon)
Missiles
 p - 7 poisoned darts (quivered)
Armour
 a - a +0 robe (worn)
 s - a +2 leather armour of cold resistance
 t - a +0 buckler
Jewellery
 m - a ring of see invisible (left hand)
 o - an amulet of regeneration (around neck)
 u - a +6 ring of intelligence (right hand)
 D - an amulet of guardian spirit
Wands
 w - a wand of charming (9)
 x - a wand of iceblast (6)
 y - a wand of flame (21)
Scrolls
 d - 4 scrolls of summoning {unknown}
 e - 4 scrolls of teleportation
 f - 2 scrolls of poison {unknown}
 g - 3 scrolls of magic mapping {unknown}
 h - a scroll of amnesia {unknown}
 i - a scroll of immolation
 v - 2 scrolls of enchant armour {unknown}
 z - a scroll of identify {unknown}
 B - a scroll of torment {unknown}
 E - a scroll of blinking {unknown}
Potions
 b - a potion of magic
 c - 4 potions of curing
 j - a potion of resistance {unknown}
 k - 3 potions of might {unknown}
 l - a potion of lignification {unknown}
 n - a potion of heal wounds {unknown}
 q - a potion of ambrosia {unknown}
 r - 2 potions of haste {unknown}
 A - a potion of mutation {unknown}


   Skills:
 - Level 2.0 Dodging
 - Level 2.0 Stealth
 + Level 5.1 Spellcasting
 * Level 8.6 Summonings
 + Level 2.7 Air Magic


You had 7 spell levels left.
You knew the following spells:

 Your Spells              Type           Power      Damage    Failure   Level
a - Summon Small Mammal   Summ           100%       N/A       1%          1
b - Call Imp              Summ           45%        N/A       1%          2
c - Call Canine Familiar  Summ           45%        N/A       1%          3
d - Summon Lightning Spi  Summ/Air       32%        N/A       9%          4

Your spell library contained the following spells:

 Spells                   Type           Power      Damage    Failure   Level
 Summon Guardian Golem    Hex/Summ       25%        N/A       4%          3
 Corpse Rot               Necr/Air       24%        N/A       9%          2
 Poisonous Vapours        Pois/Air       24%        N/A       9%          2
 Static Discharge         Conj/Air       12%        N/A       9%          2
 Dispel Undead            Necr           5%         3d7       67%         4
 Sticky Flame             Conj/Fire      5%         2d3       67%         4


Dungeon Overview and Level Annotations

Branches:
Dungeon (6/15)             Temple (0/1) D:5

Altars:
Wu Jian

Shops:
D:4 ?

Annotations:
D:3 1 runed translucent door, zeratav's ghost, amateur OpEE


Message History

Your crimson imp hits the steam dragon but does no damage.
You now have 1/15 mp.
The steam dragon bites your crimson imp.
The steam dragon barely misses your crimson imp.
Your crimson imp closely misses the steam dragon.
You puncture the orc wizard!
The orc wizard is heavily wounded.
The steam dragon breathes steam at you.
The ball of steam misses your crimson imp.
The ball of steam hits your wolf! The ball of steam misses you.
The orc wizard hits you with a +0 dagger.
* * * LOW HITPOINT WARNING * * *
You closely miss the orc wizard.
The orc wizard is heavily wounded.
You are engulfed in a cloud of scalding steam.
* * * LOW HITPOINT WARNING * * *
Your wolf is engulfed in a cloud of scalding steam.
The orc wizard hits you with a +0 dagger.
* * * LOW HITPOINT WARNING * * *
Your wolf is engulfed in a cloud of scalding steam.
Your wolf bites the orc wizard!
The orc wizard dies!
You take 8 damage, and have 6/52 hp.
Your wolf is engulfed in a cloud of scalding steam.
Your wolf dies!
Your wolf's corpse disappears in a puff of smoke!
Things that are here:
a +0 dagger; a +0 robe; an orc corpse Your crimson imp hits the steam dragon but does no damage.
Casting: Call Canine Familiar (safe; 1% risk of failure)
Confirm with . or Enter, or press ? or * to list all spells.
You don't have enough magic to cast this spell.
An orc wizard comes into view. It is wielding a +3 dagger.
The orc wizard shouts!
The orc wizard points at you and mumbles some strange words.
You are confused.
The steam dragon breathes steam at you.
The ball of steam misses your crimson imp.
The ball of steam hits you!!
You die...

## #o #.
.#####.######
.......@§§5§#
######.####D#
#. #§# #. #§#
###.####D#
#...§.##s#
###.....##.#
.........[.#
###.....)<.#


You could see an orc wizard.

Vanquished Creatures
  An orc (D:4)
1 creature vanquished.

Vanquished Creatures (collateral kills)
  Grinder (D:4)
  A steam dragon (D:6)
  Pargi (D:4)
  A necrophage (D:5)
  A scorpion (D:5)
  A killer bee (D:5)
  2 hounds (D:5)
  3 jellies (D:5)
  Ijyb (D:4)
  2 iguanas (D:5)
  Natasha (thrice) (D:4)
  4 orc wizards
  6 adders
  3 dart slugs
  16 orcs
  8 bats
  7 endoplasms
  6 giant cockroaches
  6 goblins
  4 hobgoblins
  7 quokkas
  8 ball pythons
  3 frilled lizards
  7 kobolds
  5 rats
107 creatures vanquished.

Grand Total: 108 creatures vanquished

Notes
Turn   | Place    | Note
-------+----------+-------------------------------------------
     0 | D:1      | trckry the Human Summoner began the quest for the Orb.
     0 | D:1      | Reached XP level 1. HP: 13/13 MP: 3/3
   304 | D:1      | Reached XP level 2. HP: 19/19 MP: 0/5
   307 | D:1      | Learned a level 2 spell: Call Imp
   736 | D:1      | Reached XP level 3. HP: 24/24 MP: 2/6
  1238 | D:1      | Learned a level 3 spell: Call Canine Familiar
  1902 | D:2      | Found a faded altar of an unknown god.
  1937 | D:2      | Reached XP level 4. HP: 30/30 MP: 4/7
  2050 | D:2      | Reached skill level 5 in Summonings
  2507 | D:3      | Found an ornate altar of the Wu Jian Council.
  2853 | D:3      | Reached XP level 5. HP: 32/35 MP: 5/9
  3084 | D:3      | Found a runed translucent door.
  3084 | D:3      | Noticed zeratav's ghost (amateur OpEE)
  3407 | D:4      | Found Ecupaefa's Magic Scroll Boutique.
  3412 | D:4      | Bought a scroll of teleportation for 36 gold pieces
  3412 | D:4      | Bought a scroll of noise for 12 gold pieces
  3412 | D:4      | Bought a scroll of teleportation for 36 gold pieces
  3621 | D:4      | Noticed Pargi
  3630 | D:4      | Killed Pargi
  3631 | D:4      | Reached skill level 6 in Summonings
  3631 | D:4      | Reached XP level 6. HP: 41/41 MP: 3/11
  3725 | D:4      | Noticed Grinder
  3735 | D:4      | Paralysed by Grinder for 5 turns
  3773 | D:4      | Killed Grinder
  3774 | D:4      | Reached skill level 7 in Summonings
  3774 | D:4      | Reached XP level 7. HP: 41/46 MP: 4/13
  3845 | D:4      | Noticed Ijyb
  3855 | D:4      | Killed Ijyb
  4051 | D:4      | Noticed Natasha
  4065 | D:4      | Killed Natasha
  4201 | D:4      | Noticed Natasha
  4207 | D:4      | Killed Natasha
  4348 | D:4      | Noticed Natasha
  4350 | D:4      | Killed Natasha
  4371 | D:4      | Learned a level 4 spell: Summon Lightning Spire
  4372 | D:5      | Entered Level 5 of the Dungeon
  4577 | D:5      | Found a staircase to the Ecumenical Temple.
  4690 | D:5      | Reached skill level 1 in Air Magic
  4791 | D:5      | Reached XP level 8. HP: 52/52 MP: 10/14
  5117 | D:5      | Reached skill level 8 in Summonings
  5604 | D:6      | Reached skill level 5 in Spellcasting
  5618 | D:6      | HP: 2/52 [steam dragon/ball of steam (23)]
  5623 | D:6      | HP: 2/52 [something] (4)]
  5629 | D:6      | HP: 7/52 [something] (7)]
  5633 | D:6      | Killed from afar by a steam dragon

Illustrated notes

Levels and vault maps discovered:
D:1:      mrwooster_arrival_arrow, layout_loops_ring, minivault_24
D:2:      layout_rooms, chequers_ecumenical_altar_grove
D:3:      layout_rooms, mainiacjoe_overflow_boulevard, ebering_ghost_inner_flame
D:4:      layout_basic, serial_shops, kennysheep_little_box, uniq_natasha,
          uniq_ijyb, uniq_pargi, uniq_grinder
D:5:      layout_loops_corners, minmay_temple_entry_from_below_a,
          hangedman_decor_riveting, grunt_decor_resistance,
          hangedman_decor_growths
D:6:      layout_loops_ring, uniq_pikel

Skill      XL: |  1  2  3  4  5  6  7  8 |
---------------+-------------------------+-----
Summonings     | 5 6 7 8 |  8.6
Spellcasting   | 3 4 5 |  5.1
Air Magic      | 1 2 |  2.7
Dodging        | |  2.0
Stealth        | |  2.0

Action                   |  1- 3 |  4- 6 |  7- 9 || total
-------------------------+-------+-------+-------++-------
Melee: Short sword       |       |       |     2 ||     2
Throw: Dart              |       |     4 |       ||     4
 Cast: Summon Small Mamm |    39 |     3 |     1 ||    43
       Call Imp          |    11 |     8 |     9 ||    28
       Call Canine Famil |       |    18 |    19 ||    37
  Use: Potion            |       |       |     1 ||     1
Armor: Robe              |     5 |     7 |     6 ||    18
Dodge: Dodged            |    33 |    23 |    22 ||    78

Table legend: (Time is in decaauts)
 A = Elapsed time spent in this place.
 B = Non-inter-level travel time spent in this place.
 C = Inter-level travel time spent in this place.
 D = Time resting spent in this place.
 E = Time spent auto-exploring this place.
 F = Levels seen in this place.
 G = Mean time per level.
                   A        B        C        D        E       F      G
               +--------+--------+--------+--------+--------+-----+--------+
         Total |   5631 |   5378 |    253 |      0 |   3976 |   6 |  938.5 |
       Dungeon |   5631 |   5378 |    253 |      0 |   3976 |   6 |  938.5 |
               +--------+--------+--------+--------+--------+-----+--------+

Top non-repeatable levels by time:
     D:1: 1361 daAuts
     D:5: 1194 daAuts
     D:4: 1123 daAuts
     D:2: 977 daAuts
     D:3: 908 daAuts
     D:6: 66 daAuts
